 Dungeon Crawl Stone Soup version 0.25.0-46-gbd7b0854d2 (webtiles) character file.

Game seed: 7536308166077865463

828040 protoss039 the Archmage (level 27, -3/199 HPs)
             Began as a Deep Elf Earth Elementalist on July 15, 2020.
             Was the Champion of Vehumet.
             Slain by a shard shrike (18 damage)
             ... on level 2 of Cocytus on July 18, 2020.
             The game lasted 15:45:53 (112449 turns).

protoss039 the Archmage (DEEE)                    Turns: 112449, Time: 15:45:54

Health: -3/199     AC: 23    Str:  2    XL:     27
Magic:  16/61      EV: 11    Int: 37    God:    Vehumet [******]
Gold:   3440       SH: 15    Dex: 27    Spells: 5/80 levels left

rFire    + + +     SeeInvis +   n - +9 staff of Wucad Mu {channel}
rCold    + + .     Gourm    .   K - +3 buckler of Temperance {Dex+5 SInv}
rNeg     + + .     Faith    .   g - +6 acid dragon scales
rPois    +         Spirit   .   (helmet restricted)
rElec    +         Reflect  +   q - +2 ratskin cloak {+Rats rPois rN+ Str-1 Int-1 Dex+1}
rCorr    +         Harm     .   T - +1 pair of gloves of Gosuejiz {rElec rC+ rN+}
MR       ++++.                  t - +1 pair of boots "Dihit" {+Blink rF++ Str-4 Stlth+}
Stlth    +++++.....             H - amulet of reflection
HPRegen  0.43/turn              U - ring of the Scarab {rF+ MR+ Str+2 Dex+4 SInv}
MPRegen  0.37/turn              O - ring "Qimunk" {Wiz MR+ Int+4 Stlth+}

@: very slightly contaminated, invisible
A: horns 1, agile 1, cold resistance 1, high mp 1
}: 6/15 runes: decaying, slimy, silver, obsidian, abyssal, gossamer
a: Renounce Religion, Evoke Blink, Evoke Ratskin


You were on level 2 of Cocytus.
You worshipped Vehumet.
Vehumet was exalted by your worship.
You were very hungry.

You visited 13 branches of the dungeon, and saw 60 of its levels.
You visited the Abyss 1 time.
You visited 1 bazaar.
You also visited: Bailey and Desolation.

You collected 9447 gold pieces.
You spent 6007 gold pieces at shops.

Inventory:

Hand Weapons
 n - the +9 staff of Wucad Mu (weapon) {channel}
   (You took it off a deep elf death mage on level 3 of the Elven Halls)
Missiles
 b - 971 stones (quivered)
Armour
 g - +6 acid dragon scales (worn)
 q - the +2 ratskin cloak (worn) {+Rats rPois rN+ Str-1 Int-1 Dex+1}
   (You found it in the Desolation of Salt)

   It affects your strength (-1).
   It affects your intelligence (-1).
   It affects your dexterity (+1).
   It protects you from poison.
   It protects you from negative energy.
 t - the +1 pair of boots "Dihit" (worn) {+Blink rF++ Str-4 Stlth+}
   (You found it in the Desolation of Salt)

   It affects your strength (-4).
   It greatly protects you from fire.
   It lets you blink.
   It makes you more stealthy.
 K - the +3 buckler of Temperance (worn) {Dex+5 SInv}
   (You bought it in a shop on level 2 of the Orcish Mines)

   It affects your dexterity (+5).
   It lets you see invisible.
 N - a +2 helmet of intelligence
 T - the +1 pair of gloves of Gosuejiz (worn) {rElec rC+ rN+}
   (You found it on level 5 of the Lair of Beasts)

   It protects you from cold.
   It insulates you from electricity.
   It protects you from negative energy.
Jewellery
 z - the ring "Isimuss" {rC+ Int-4 Dex+5 Slay+6}
   (You found it on level 2 of the Depths)

   [ring of protection from cold]

   It affects your intelligence (-4).
   It affects your dexterity (+5).
   It affects your accuracy and damage with ranged weapons and melee attacks
   (+6).
   It protects you from cold.
 H - an amulet of reflection (around neck)
 O - the ring "Qimunk" (right hand) {Wiz MR+ Int+4 Stlth+}
   (You found it on level 12 of the Dungeon)

   [ring of wizardry]

   It improves your spell success rate.
   It affects your intelligence (+4).
   It affects your resistance to hostile enchantments.
   It makes you more stealthy.
 U - the ring of the Scarab (left hand) {rF+ MR+ Str+2 Dex+4 SInv}
   (You took it off a kobold on level 14 of the Dungeon)

   [ring of protection from fire]

   It affects your strength (+2).
   It affects your dexterity (+4).
   It protects you from fire.
   It affects your resistance to hostile enchantments.
   It lets you see invisible.
 X - the ring "Yshas" {*Slow +Fly Str+3 Int+6 Stlth+}
   (You took it off a tengu warrior on level 3 of the Depths)

   [ring of intelligence]

   It affects your strength (+3).
   It affects your intelligence (+6).
   It lets you fly.
   It may slow you when you take damage.
   It makes you more stealthy.
Wands
 r - a wand of iceblast (19)
 x - a wand of clouds (23)
 y - a wand of digging (19)
 D - a wand of polymorph (24)
 J - a wand of acid (8)
Scrolls
 c - a scroll of holy word
 i - 7 scrolls of enchant armour
 j - 7 scrolls of teleportation
 k - 9 scrolls of fear
 l - 3 scrolls of fog
 m - 5 scrolls of magic mapping
 p - 12 scrolls of enchant weapon
 v - a scroll of brand weapon
 B - 4 scrolls of blinking
 G - 23 scrolls of remove curse
 Q - 7 scrolls of amnesia
 R - 7 scrolls of immolation
 S - 11 scrolls of identify
 V - 3 scrolls of summoning
Potions
 a - a potion of cancellation
 e - 13 potions of might
 o - 6 potions of curing
 s - 3 potions of mutation
 u - 3 potions of stabbing
 A - 7 potions of flight
 E - 5 potions of berserk rage
 F - 2 potions of magic
 I - 4 potions of resistance
 M - 3 potions of haste
 P - 7 potions of brilliance
 W - 5 potions of invisibility
 Z - 2 potions of ambrosia
Comestibles
 d - 83 rations


   Skills:
 O Level 27 Fighting
   Level 0.2(1.2) Axes
   Level 0.2 Maces & Flails
   Level 1.7(1.8) Polearms
 - Level 10.0 Armour
 - Level 3.0 Dodging
 - Level 3.0 Stealth
 - Level 4.0 Shields
 O Level 27 Spellcasting
 + Level 19.7 Conjurations
   Level 2.0 Charms
 - Level 12.0 Summonings
 - Level 1.4 Necromancy
 - Level 5.0 Transmutations
 * Level 16.8 Fire Magic
 O Level 27 Earth Magic


You had 5 spell levels left.
You knew the following spells:

 Your Spells              Type           Power        Failure   Level  Hunger
a - Sandblast             Erth           ######       0%          1    None
b - Passwall              Tmut/Erth      ########     0%          2    None
c - Stone Arrow           Conj/Erth      ######       0%          3    None
d - Petrify               Tmut/Erth      ########     0%          4    None
e - Lee's Rapid Deconstr  Erth           ########..   0%          5    None
f - Fire Storm            Conj/Fire      ########..   7%          9    #......
g - Iron Shot             Conj/Erth      ########..   0%          6    None
h - Statue Form           Tmut/Erth      ########.    1%          6    None
i - Spellforged Servitor  Conj/Summ      ########..   1%          7    None
j - Orb of Destruction    Conj           ########..   1%          7    None
k - Lehudib's Crystal Sp  Conj/Erth      ########..   1%          8    None
l - Shatter               Erth           ########..   1%          9    #......
m - Necromutation         Tmut/Necr      ######....   99%         8    None

Your spell library contained the following spells:

 Spells                   Type           Power        Failure   Level  Hunger
 Ignition                 Fire           ########..   1%          8    None
 Chain Lightning          Conj/Air       #######...   13%         8    None
 Foxfire                  Conj/Fire      ####         0%          1    None
 Magic Dart               Conj           ####         0%          1    None
 Shock                    Conj/Air       ####         0%          1    None
 Summon Butterflies       Summ           #######.     0%          1    None
 Summon Small Mammal      Summ           ####         0%          1    None
 Call Imp                 Summ           #######.     0%          2    None
 Searing Ray              Conj           ######       0%          2    None
 Call Canine Familiar     Summ           #######.     0%          3    None
 Conjure Flame            Conj/Fire      ########     0%          3    None
 Sticky Flame             Conj/Fire      ########     0%          4    None
 Bolt of Magma            Conj/Fire/Erth ########..   0%          5    None
 Animate Skeleton         Necr           N/A          1%          1    None
 Apportation              Tloc           #####.       1%          1    None
 Beastly Appendage        Tmut           ######       1%          1    None
 Corona                   Hex            #####..      1%          1    None
 Infusion                 Chrm           ####         1%          1    None
 Pain                     Necr           ####         1%          1    None
 Blink                    Tloc           N/A          1%          2    None
 Corpse Rot               Necr/Air       N/A          1%          2    None
 Ensorcelled Hibernation  Hex/Ice        #####.       1%          2    None
 Poisonous Vapours        Pois/Air       #####.       1%          2    None
 Shroud of Golubria       Chrm/Tloc      ######       1%          2    None
 Slow                     Hex            #####...     1%          2    None
 Song of Slaying          Chrm           ######..     1%          2    None
 Sticks to Snakes         Tmut           ######..     1%          2    None
 Swiftness                Chrm/Air       ######..     1%          2    None
 Confusing Touch          Hex            #####...     1%          3    None
 Dazzling Flash           Conj/Hex       ######       1%          3    None
 Gell's Gravitas          Tloc           #####.....   1%          3    None
 Inner Flame              Hex/Fire       #######.     1%          3    None
 Lesser Beckoning         Tloc           #####.....   1%          3    None
 Mephitic Cloud           Conj/Pois/Air  #######.     1%          3    None
 Recall                   Summ/Tloc      N/A          1%          3    None
 Spectral Weapon          Hex/Chrm       ######..     1%          3    None
 Spider Form              Tmut/Pois      ######....   1%          3    None
 Static Discharge         Conj/Air       #######.     1%          3    None
 Summon Guardian Golem    Hex/Summ       #######.     1%          3    None
 Teleport Other           Tloc           #####...     1%          3    None
 Tukima's Dance           Hex            #####...     1%          3    None
 Vampiric Draining        Necr           ######....   1%          3    None
 Airstrike                Air            #####.....   1%          4    None
 Fulminant Prism          Conj/Hex       #######...   1%          4    None
 Ice Form                 Ice/Tmut       ######..     1%          4    None
 Iskenderun's Mystic Bla  Conj/Tloc      #######.     1%          4    None
 Summon Ice Beast         Ice/Summ       #######.     1%          4    None
 Summon Lightning Spire   Summ/Air       #######.     1%          4    None
 Aura of Abjuration       Summ           #######...   1%          5    None
 Blade Hands              Tmut           ######....   1%          5    None
 Borgnjor's Vile Clutch   Necr/Erth      ########..   1%          5    None
 Iskenderun's Battlesphe  Conj/Chrm      #######.     1%          5    None
 Lightning Bolt           Conj/Air       #######...   1%          5    None
 Summon Demon             Summ           #######...   1%          5    None
 Summon Forest            Summ/Tloc      #######...   1%          5    None
 Summon Mana Viper        Hex/Summ       #######.     1%          5    None
 Yara's Violent Unravell  Hex/Tmut       ######....   1%          5    None
 Animate Dead             Necr           N/A          2%          4    None
 Cause Fear               Hex            #####.....   4%          4    None
 Passage of Golubria      Tloc           N/A          4%          4    None
 Alistair's Intoxication  Tmut/Pois      ######..     4%          5    None
 Agony                    Necr           ######..     6%          5    None
 Excruciating Wounds      Chrm/Necr      ######....   6%          5    None
 Metabolic Englaciation   Hex/Ice        #####.....   12%         5    None
 Silence                  Hex/Air        #####.....   12%         5    None
 Freezing Cloud           Conj/Ice/Air   #######...   1%          6    None
 Shadow Creatures         Summ           N/A          1%          6    None
 Starburst                Conj/Fire      ########..   1%          6    None
 Monstrous Menagerie      Summ           #######...   2%          7    None
 Summon Greater Demon     Summ           #######...   2%          7    None
 Summon Hydra             Summ           #######...   2%          7    None
 Ring of Flames           Chrm/Fire      #######...   8%          7    None
 Hydra Form               Tmut           ######....   9%          6    None
 Ozocubu's Refrigeration  Ice            #####.....   16%         6    None
 Summon Horrible Things   Summ           #######...   19%         8    None
 Eringya's Noxious Bog    Tmut/Pois      ######....   22%         6    None
 Haunt                    Necr/Summ      #######...   22%         7    None
 Malign Gateway           Summ/Tloc      #######...   28%         7    None
 Dragon Form              Tmut           ######....   38%         7    None
 Simulacrum               Ice/Necr       ######....   41%         6    None
 Darkness                 Hex            #####.....   50%         6    None
 Invisibility             Hex            #####...     50%         6    None
 Dragon's Call            Summ           #######...   95%         9    #......
 Borgnjor's Revivificati  Necr           ######....   100%        8    None
 Death's Door             Chrm/Necr      ######....   100%        8    None
 Discord                  Hex            #####.....   100%        8    None
 Infestation              Necr           ######....   100%        8    None
 Absolute Zero            Ice            #####.....   100%        9    #......


Dungeon Overview and Level Annotations

Branches:
Dungeon (15/15)            Temple (1/1) D:5            Lair (6/6) D:10
  Swamp (4/4) Lair:3       Spider (4/4) Lair:2        Slime (5/5) Lair:6
    Orc (2/2) D:10            Elf (3/3) Orc:2        Vaults (5/5) D:13
  Crypt (0/3) Vaults:2     Depths (5/5) D:15           Hell (visited)
    Dis (0/7) Hell            Geh (7/7) Hell            Coc (2/7) Hell
    Tar (0/7) Hell            Zot (0/5) Depths:5     Bailey (visited)
Desolation (visited)

Altars:
Ashenzari
Cheibriados
Dithmenos
Elyvilon
Fedhas
Gozag
Hepliaklqana
Kikubaaqudgha
Makhleb
Nemelex Xobeh
Okawaru
Qazlal
Ru
Sif Muna
Trog
Uskayaw
Vehumet
Wu Jian
Xom
Yredelemnul
Zin
The Shining One
Beogh
Jiyva

Shops:
D:11 }=*}=   D:15 }   Orc:2 (![=   Elf:1 (   Elf:2 *   Elf:3 :   Vaults:1 %
Depths:1 (::[=   Depths:3 (

Portals:
Hell: Depths:1 Depths:2 Depths:3 Depths:4 Depths:5
Abyss: Depths:1 Depths:3 Depths:4
Pandemonium: Depths:3
Ziggurat: Depths:2

Annotations:
D:2 1 exclusion
D:3 2 exclusions
D:4 1 exclusion
D:10 2 exclusions
Lair:4 2 exclusions
Swamp:3 6 exclusions
Vaults:2 1 exclusion


Innate Abilities, Weirdness & Mutations

You have a pair of small horns on your head.
You are agile. (Dex +2)
Your flesh is cold resistant. (rC+)
You have an increased reservoir of magic. (+10% MP)


Message History

Casting: Spellforged Servitor (mildly dangerous; 1% risk of failure)
Confirm with . or Enter, or press ? or * to list all spells.
Aiming: Lehudib's Crystal Spear (mildly dangerous; 1% risk of failure)
Press: ? - help, Shift-Dir - straight line, f/p - shard shrike
Aim: a shard shrike (purple smoke, moderately wounded)
The crystal spear hits the shard shrike!!!
The shard shrike is almost dead.
The shard shrike claws you but does no damage.
The shard shrike barely misses you.
Unknown command.
Casting: Lehudib's Crystal Spear (mildly dangerous; 1% risk of failure)
Confirm with . or Enter, or press ? or * to list all spells.
Aiming: Lehudib's Crystal Spear (mildly dangerous; 1% risk of failure)
Press: ? - help, Shift-Dir - straight line, f/p - shard shrike
Aim: a shard shrike (purple smoke, water, almost dead)
The crystal spear misses the shard shrike.
The shard shrike claws you!
* * * LOW HITPOINT WARNING * * *
The shard shrike freezes you!! You resist.
You die...

....≈≈≈#####.≈≈≈..
≈≈≈≈.≈≈..≈≈≈....≈≈≈≈≈...
≈≈≈≈≈....≈....≈≈≈≈≈≈≈...
##≈≈≈≈1..Z...≈≈≈≈≈≈≈≈...
###≈≈......≈≈≈≈≈≈≈≈≈.≈≈
#≈≈.≈≈8.≈≈≈≈≈≈≈§≈..≈≈
##≈..≈≈.....§§§§§≈..≈≈
#≈≈.≈≈≈..≈≈≈§§§§§≈.≈≈≈
##≈.≈≈≈≈..≈≈≈§§@§§...≈≈
#≈≈.≈#≈≈≈.≈≈##§§b§....≈
##≈.≈≈##≈≈.≈#####§§≈...≈
#≈≈.≈####≈.≈# #≈≈...≈
#≈≈≈≈# #≈.≈# ≈≈...≈
≈≈≈≈## ≈≈≈≈ ≈≈≈≈≈≈ ≈≈≈≈#
≈≈ ≈≈≈≈≈ ≈≈≈≈# #≈≈≈≈
≈≈≈≈≈


You could see a shard shrike.

Vanquished Creatures
  the Royal Jelly (Slime:5)
  Asmodeus (Geh:7)
  the Serpent of Hell (Geh:7)
  2 ancient liches
  A juggernaut (Depths:3)
  8 shard shrikes
  Frederick (Depths:5)
  Geryon (Hell)
  2 golden dragons
  Jory (Vaults:2)
  The ghost of agentgt the Warrior, a veteran KoAK of Lugonu (Vaults:4)
  6 bone dragons
  66 Brimstone Fiends
  A Hell Sentinel (Geh:1)
  An iron giant (shapeshifter) (Depths:2)
  6 tentacled monstrosities
  8 Ice Fiends (Coc:1)
  8 liches
  11 acid blobs
  4 quicksilver dragons
  2 deep elf blademasters (Elf:3)
  6 tentacled starspawn
  5 titans
  A sphinx (Vaults:5)
  3 thorn hunters
  6 tengu reavers
  A storm dragon (shapeshifter) (Depths:2)
  5 shadow dragons
  Donald (Spider:3)
  2 storm dragons (Vaults:5)
  4 nagarajas (Depths:4)
  8 azure jellies (Slime:5)
  2 iron dragons (Vaults:5)
  An azure jelly (shapeshifter) (Depths:2)
  11 vault wardens
  8 frost giants
  5 deep elf sorcerers
  10 fire giants
  6 ghost moths
  2 iron dragons (shapeshifter) (Depths:2)
  A draconian shifter (Depths:5)
  An emperor scorpion (Lair:2)
  13 balrugs
  A curse skull (Vaults:2)
  3 imperial myrmidons (Desolation)
  A cacodemon (Abyss:2)
  5 deep elf elementalists
  A spriggan defender (Depths:4)
  A draconian annihilator (Depths:2)
  25 reapers
  13 ironheart preservers
  8 very ugly things
  4 war gargoyles
  A vampire knight (Depths:1)
  23 stone giants
  3 deep elf demonologists
  2 entropy weavers (shapeshifter) (Depths:2)
  3 lorocyprocas
  2 entropy weavers (Vaults:2)
  A black draconian (Depths:5)
  Azrael (Spider:3)
  8 deep elf annihilators
  2 spark wasps
  A halazid warlock (Desolation)
  A yellow draconian (Depths:5)
  A red draconian (Depths:5)
  A white draconian (Depths:5)
  4 death oozes (Slime:5)
  4 crystal guardians
  12 ettins
  5 deep elf death magi
  A green death (Abyss:2)
  3 blizzard demons
  5 ragged hierophants (Desolation)
  17 yaktaur captains
  3 quicksilver dragon zombies
  4 deep elf high priests
  A kraken zombie (Coc:1)
  5 fire dragons
  7 great orbs of eyes
  A jiangshi (Depths:4)
  A shambling mangrove (Swamp:3)
  5 rakshasas
  2 hydras (shapeshifter)
  17 hydras
  2 naga warriors (Depths:4)
  9 servants of whispers (Desolation)
  10 ice dragons
  9 peacekeepers (Desolation)
  4 quicksilver dragon skeletons
  13 vault guards
  2 spriggan air magi (Depths:4)
  5 ghost crabs
  13 centaur warriors
  A catoblepas (Depths:2)
  2 juggernaut simulacra
  25 two-headed ogres
  An anaconda (Depths:4)
  A death knight (Vaults:2)
  17 alligators
  8 deep troll shamans
  5 deep troll earth magi
  4 tengu warriors
  57 hell hogs
  4 vampire magi
  9 ogre magi
  32 dancing weapons
  3 spriggan berserkers
  3 orc high priests (Orc:2)
  5 titan zombies
  3 thrashing horrors
  Urug (Lair:6)
  3 soul eaters (Hell)
  2 fire crabs (shapeshifter)
  Sonja (Lair:5)
  An iron golem (Geh:4)
  24 deep elf knights
  3 storm dragon zombies
  23 sun demons
  A fire crab (Lair:6)
  4 iron trolls
  2 wretched stars
  3 shadow wraiths
  5 anaconda zombies
  78 hell knights
  A sixfirhy (Abyss:3)
  8 skeletal warriors
  3 titan skeletons
  10 wizards
  2 spatial maelstroms (Abyss:3)
  3 glowing orange brains
  4 golden dragon zombies
  16 swamp dragons
  4 storm dragon skeletons
  7 unseen horrors
  16 deep trolls
  A ghost moth zombie (Geh:1)
  13 starcursed masses
  7 phantasmal warriors
  25 deep elf archers
  A glowing orange brain (shapeshifter) (Depths:5)
  A deep troll (shapeshifter) (Vaults:1)
  3 lindwurms
  8 flayed ghosts
  A harpy (Vaults:3)
  7 anaconda skeletons
  A golden dragon skeleton (Geh:2)
  17 orc knights
  3 wolf spider zombies
  3 iron dragon zombies
  13 orb spiders
  67 deep elf magi
  11 ironbrand convokers
  22 necromancers
  A mana viper (shapeshifter) (Vaults:5)
  7 orc sorcerers
  25 wolf spiders
  An orb spider (shapeshifter) (Vaults:3)
  46 ugly things
  5 frost giant zombies
  6 fire giant zombies
  A worldbinder (Abyss:3)
  5 oklob plants
  3 shining eyes
  A shining eye (shapeshifter) (Depths:2)
  4 stone giant zombies
  6 cyclopes
  A moth of wrath (Spider:1)
  A manticore (D:11)
  2 shock serpent zombies (Geh:3)
  3 iron dragon skeletons
  3 shadow dragon skeletons
  6 stone giant skeletons
  6 black mambas
  An apocalypse crab (Abyss:3)
  15 elephants
  5 fire giant skeletons
  10 guardian serpents
  An elephant (shapeshifter) (Vaults:1)
  5 frost giant skeletons
  5 torpor snails (Lair:6)
  A guardian serpent (shapeshifter) (Depths:2)
  14 vault sentinels
  2 ice statues (Hell)
  3 rust devils
  4 dire elephant zombies
  An elf skeleton (Depths:4)
  An eye of devastation (Slime:1)
  4 dire elephant skeletons
  A titan simulacrum (Depths:4)
  A torpor snail (shapeshifter) (Depths:2)
  Maggie (D:6)
  2 naga magi
  9 smoke demons
  6 molten gargoyles
  An eye of devastation (shapeshifter) (Vaults:5)
  34 hellions
  A storm dragon simulacrum (Depths:4)
  2 orange demons
  3 centaur skeletons
  8 ice devils
  4 kobold demonologists
  21 spiny frogs
  12 demonic crawlers
  16 freezing wraiths
  2 rime drakes
  10 efreet
  A hellwing (Abyss:3)
  39 tormentors
  6 ancient zymes
  A golden dragon simulacrum (Coc:1)
  7 komodo dragons
  A queen bee (shapeshifter) (Elf:2)
  54 yaktaurs
  2 harpy zombies
  27 jumping spiders
  2 meliai (shapeshifter)
  37 red devils
  A tengu conjurer (Depths:5)
  A jumping spider (shapeshifter) (Depths:5)
  A troll (shapeshifter) (Vaults:2)
  9 polar bears (Lair:6)
  4 meliai
  2 blink frogs (shapeshifter)
  9 hydra zombies
  A tengu simulacrum (Depths:4)
  17 tyrant leeches
  A wind drake (shapeshifter) (D:15)
  A wolf spider simulacrum (Coc:1)
  Grinder (D:4)
  10 raiju
  23 hornets
  3 ice dragon zombies
  10 bog bodies
  8 trolls
  22 blink frogs
  2 spriggan zombies
  4 alligator zombies
  A dream sheep (shapeshifter) (D:15)
  5 ettin zombies
  53 saltlings
  11 hippogriffs
  10 hydra skeletons
  2 fire dragon zombies
  73 slime creatures
  4 small abominations
  6 dream sheep (Lair:4)
  A hippogriff (shapeshifter) (D:15)
  13 large abominations
  2 harpy skeletons (Geh:7)
  A slime creature (shapeshifter) (Vaults:5)
  A stone giant simulacrum (Vaults:2)
  A black mamba zombie (Geh:2)
  A frost giant simulacrum (Coc:1)
  55 redbacks
  2 alligator skeletons
  117 flying skulls
  Sigmund (D:3)
  An ice dragon skeleton (Geh:6)
  3 spriggans
  3 air elementals
  A spriggan (shapeshifter) (Vaults:5)
  7 ettin skeletons
  27 wraiths
  25 shadows
  7 fire dragon skeletons
  4 humans (shapeshifter)
  2 wyverns
  2 ynoxinuls
  Eustachio (D:4)
  2 basilisks
  57 yaks
  A tarantella (shapeshifter) (Vaults:3)
  24 tarantellas
  6 water elementals
  4 fire bats
  31 fire elementals
  A golden eye (shapeshifter) (Depths:1)
  2 neqoxecs
  2 black mamba skeletons
  A golden eye (Slime:5)
  3 hungry ghosts
  2 hogs (shapeshifter)
  10 humans (D:13)
  A steam dragon (D:14)
  Grum (D:9)
  25 vampire mosquitoes
  6 chaos spawn
  A swamp worm (shapeshifter) (Depths:2)
  A torturous demonspawn zombie (Geh:2)
  5 spatial vortices (Abyss:3)
  4 insubstantial wisps (Swamp:1)
  A naga (shapeshifter) (Vaults:5)
  9 nagas (Depths:4)
  A minotaur simulacrum (Coc:1)
  A soldier ant (shapeshifter) (D:13)
  17 swamp worms
  10 wargs
  2 acid dragons
  2 soldier ants (D:13)
  55 hell hounds
  An infernal demonspawn skeleton (Coc:1)
  18 water moccasins
  A hydra simulacrum (Hell)
  A merfolk zombie (Geh:4)
  2 spiny frog zombies
  2 snapping turtle zombies
  3 spiny frog skeletons
  14 swamp drakes
  10 porcupines
  3 manticore zombies
  A merfolk skeleton (Geh:7)
  3 ice beasts
  7 sky beasts
  12 black bears
  2 eyes of draining
  53 orc warriors
  A black bear (shapeshifter) (Vaults:4)
  An eye of draining (shapeshifter) (Depths:3)
  A fire dragon simulacrum (Coc:1)
  12 phantoms
  11 necrophages
  A swamp dragon zombie (Geh:3)
  28 wolves
  3 boggarts
  An ettin simulacrum (Coc:1)
  A swamp dragon skeleton (Coc:1)
  35 centaurs
  31 ogres
  An elf simulacrum (Depths:3)
  4 snapping turtle skeletons
  7 crocodiles
  4 big kobolds
  17 bullfrogs
  8 earth elementals
  2 wyvern zombies
  6 scorpions
  A human simulacrum (Vaults:2)
  A hornet simulacrum (D:15)
  57 killer bees
  A killer bee (shapeshifter) (Depths:2)
  A troll skeleton (Geh:1)
  116 wights
  3 electric eels
  A howler monkey (D:11)
  17 crimson imps
  5 centaur zombies
  A bullfrog zombie (D:13)
  3 quasits
  16 jellies
  Crazy Yiuf (D:7)
  2 human zombies
  5 gnoll shamans
  27 orc priests
  6 hounds
  31 orc wizards
  3 bullfrog skeletons
  Jessica (D:3)
  2 human skeletons
  Ijyb (D:5)
  4 iguanas
  6 hell rats (Lair:4)
  13 worker ants
  A statue (D:6)
  A killer bee zombie (D:7)
  A hound zombie (D:9)
  An ogre skeleton (Coc:1)
  A hound skeleton (D:5)
  2 worker ant zombies
  51 gnolls
  17 adders
  6 shadow imps
  6 white imps
  2 oozes (Lair:6)
  2 adder zombies (D:6)
  An adder skeleton (D:6)
  2 worms (D:3)
  2 dart slugs
  10 leopard geckos
  137 orcs
  8 giant cockroaches
  3 hobgoblins
  27 jackals
  5 quokkas
  5 ball pythons
  6 bats
  5 frilled lizards
  7 goblins
  A jackal skeleton (D:6)
  32 kobolds
  An orc simulacrum (Coc:1)
  An orc skeleton (Geh:5)
  An orc zombie (Hell)
  A quokka skeleton (D:5)
  9 rats
  A crawling corpse (Depths:3)
  4 fungi (Elf:2)
  A lurking horror (Abyss:2)
  15 plants
  4 starspawn tentacles
  A tentacle (Coc:1)
3511 creatures vanquished.

Vanquished Creatures (collateral kills)
  A juggernaut (Depths:3)
  3 shard shrikes
  Saint Roka (Depths:5)
  Xtahua (Depths:5)
  A profane servitor (Abyss:2)
  Nikola (Spider:4)
  Arachne (Spider:3)
  5 liches
  17 Brimstone Fiends
  A tentacled monstrosity (Abyss:3)
  A Hell Sentinel (Geh:4)
  A deep elf blademaster (Elf:3)
  10 acid blobs
  2 sphinxes
  An Executioner (Abyss:3)
  A shadow dragon (Vaults:5)
  A storm dragon (Depths:5)
  7 tengu reavers
  2 azure jellies
  A fire giant (Geh:7)
  3 frost giants
  4 vault wardens
  13 balrugs
  An iron dragon (shapeshifter) (Depths:2)
  2 iron dragons (Depths:2)
  2 emperor scorpions (Spider:4)
  A juggernaut zombie (Depths:1)
  A deep elf elementalist (Elf:3)
  15 reapers
  2 war gargoyles
  3 ironheart preservers
  12 very ugly things
  3 green draconians (Depths:5)
  A deep elf annihilator (Elf:3)
  An ettin (Vaults:5)
  A deep elf death mage (Elf:3)
  4 death oozes (Slime:5)
  A jiangshi (Depths:4)
  3 quicksilver dragon zombies
  A great orb of eyes (shapeshifter) (Vaults:4)
  2 fire dragons
  5 great orbs of eyes
  A deep elf high priest (Depths:3)
  2 quicksilver dragon skeletons
  A rakshasa (Depths:3)
  4 yaktaur captains
  3 ice dragons
  A spriggan air mage (Depths:2)
  21 vault guards
  A juggernaut simulacrum (Depths:2)
  A hydra (shapeshifter) (Vaults:5)
  10 two-headed ogres
  A death knight (Abyss:3)
  A tengu warrior (Depths:3)
  22 hell hogs
  A merfolk avatar (Abyss:3)
  4 centaur warriors
  4 deep troll shamans
  An ogre mage (Vaults:1)
  A thrashing horror (Abyss:3)
  6 titan zombies
  A vampire mage (Depths:3)
  A dancing weapon (Depths:2)
  2 deep troll earth magi
  23 hell knights
  A soul eater (Hell)
  2 storm dragon zombies
  A deep elf knight (Vaults:4)
  14 sun demons
  An iron troll (Depths:1)
  A sixfirhy (Abyss:2)
  5 titan skeletons
  A spatial maelstrom (Abyss:2)
  2 golden dragon zombies
  A glowing orange brain (Vaults:1)
  2 skeletal warriors
  2 anaconda zombies
  4 storm dragon skeletons
  11 deep trolls
  2 ghost moth zombies
  A quicksilver dragon simulacrum (Coc:1)
  A shadow demon (Abyss:2)
  7 flayed ghosts
  A lindwurm (Depths:4)
  3 shadow dragon zombies
  4 necromancers
  2 phantasmal warriors (Vaults:5)
  4 orc knights
  5 iron dragon zombies
  3 golden dragon skeletons
  5 wolf spiders
  An orb spider (Spider:1)
  2 harpies (Vaults:3)
  A wolf spider zombie (Geh:4)
  5 ugly things
  7 frost giant zombies
  A cyclops (Vaults:2)
  2 shining eyes (Slime:3)
  A deep elf mage (Vaults:4)
  3 shadow dragon skeletons
  A moth of wrath (shapeshifter) (Depths:5)
  3 human zombies
  A worldbinder (Abyss:3)
  5 iron dragon skeletons
  8 fire giant zombies
  A moth of wrath (Spider:4)
  A cyclops (shapeshifter) (Vaults:5)
  9 stone giant zombies
  4 frost giant skeletons
  A shock serpent zombie (Geh:4)
  2 fire giant skeletons
  4 dire elephant zombies
  A rust devil (Geh:3)
  3 vault sentinels
  A black mamba (shapeshifter) (Vaults:1)
  6 stone giant skeletons
  An eye of devastation (Slime:5)
  8 molten gargoyles (Geh:7)
  6 smoke demons
  A titan simulacrum (Coc:1)
  An emperor scorpion zombie (Geh:6)
  12 hellions
  2 dire elephant skeletons
  A black draconian zombie (Coc:1)
  5 yaktaurs
  2 hellwings (Abyss:3)
  7 tormentors
  9 ice devils (Coc:1)
  16 freezing wraiths
  6 ancient zymes
  A demonic crawler (Spider:3)
  7 efreet
  4 jumping spiders
  3 harpy zombies
  4 hydra zombies
  A golden dragon simulacrum (Coc:1)
  27 red devils
  A wind drake (shapeshifter) (Abyss:2)
  A shadow dragon simulacrum (Coc:1)
  47 slime creatures
  7 blink frogs
  6 hydra skeletons
  10 raiju
  5 ettin zombies
  3 alligator zombies
  7 large abominations
  3 fire dragon zombies
  A fire giant simulacrum (Coc:1)
  6 starcursed masses
  5 ice dragon zombies
  5 ice dragon skeletons
  42 flying skulls
  12 wraiths
  4 ynoxinuls
  2 redbacks
  6 ettin skeletons
  15 fire elementals
  2 water elementals (Coc:1)
  12 shadows
  2 alligator skeletons
  5 fire dragon skeletons
  4 fire bats
  5 golden eyes (Slime:5)
  A black mamba skeleton (Geh:1)
  A neqoxec (Abyss:3)
  A basilisk (shapeshifter) (Vaults:3)
  10 small abominations
  A warg (Depths:5)
  4 insubstantial wisps (Abyss:3)
  A naga (Depths:4)
  43 hell hounds
  A water moccasin (Depths:4)
  4 spiny frog zombies
  2 ice beasts
  7 orc warriors
  3 eyes of draining
  A manticore zombie (Geh:6)
  A spiny frog skeleton (Geh:6)
  5 necrophages
  3 snapping turtle zombies
  A swamp dragon zombie (Geh:4)
  2 ogres (Vaults:3)
  5 phantoms
  2 snapping turtle skeletons
  2 centaurs (Vaults:2)
  2 swamp dragon skeletons
  A nameless horror (Spider:3)
  40 wights
  2 crimson imps
  A quasit (Abyss:3)
  2 iron imps (Abyss:2)
  An orc wizard (Depths:5)
  A tengu skeleton (Geh:6)
  A shadow imp (Abyss:2)
  4 white imps (Coc:1)
  2 ufetubi
  5 orcs
  A goblin (Vaults:3)
  A kobold skeleton (Geh:5)
  A kobold zombie (Geh:5)
  An orc skeleton (Coc:1)
  A crawling corpse (Depths:3)
  2 tentacles (Coc:1)
925 creatures vanquished.

Vanquished Creatures (others)
  A balrug (Geh:7)
  An ironheart preserver (Vaults:3)
  A draconian annihilator (Depths:5)
  A vault guard (D:13)
  6 hell hogs
  A golden dragon skeleton (Geh:5)
  A necromancer (Geh:4)
  A fire giant zombie (Geh:5)
  A harpy skeleton (Geh:5)
  A fire dragon zombie (Geh:7)
  A hydra skeleton (Geh:7)
  An ettin skeleton (Geh:6)
  A fire dragon skeleton (Geh:7)
  A spiny frog zombie (Geh:3)
  A hell hound (Spider:3)
  A swamp dragon skeleton (Geh:5)
  A wight (Geh:1)
  9 fungi
  36 plants
  8 starspawn tentacles (Abyss:3)
  A tentacle (Coc:1)
76 creatures vanquished.

Grand Total: 4512 creatures vanquished

Notes
Turn   | Place    | Note
-------+----------+-------------------------------------------
     0 | D:1      | protoss039 the Deep Elf Earth Elementalist began the quest
                  | for the Orb.
     0 | D:1      | Reached XP level 1. HP: 10/10 MP: 6/6
   165 | D:1      | You fall into a shaft and drop 1 floor!
   366 | D:2      | Reached XP level 2. HP: 15/15 MP: 1/8
   562 | D:2      | Noticed a scorpion
   698 | D:1      | Reached XP level 3. HP: 13/19 MP: 10/10
  1730 | D:1      | Learned a level 2 spell: Passwall
  1734 | D:1      | Learned a level 3 spell: Stone Arrow
  1751 | D:2      | Found a snail-covered altar of Cheibriados.
  1881 | D:2      | Killed a scorpion
  1881 | D:2      | Reached XP level 4. HP: 24/24 MP: 4/12
  2017 | D:3      | Noticed Jessica
  2339 | D:3      | Reached skill level 5 in Spellcasting
  2339 | D:3      | Reached XP level 5. HP: 28/28 MP: 9/14
  2446 | D:3      | Killed Jessica
  2703 | D:3      | Noticed a phantom
  2714 | D:3      | Reached skill level 5 in Earth Magic
  2727 | D:3      | Killed a phantom
  2727 | D:3      | Reached XP level 6. HP: 10/32 MP: 13/17
  3247 | D:3      | Noticed Sigmund
  3257 | D:3      | Killed Sigmund
  3354 | D:3      | Reached XP level 7. HP: 12/36 MP: 17/19
  4051 | D:4      | Noticed Grinder
  4189 | D:3      | Learned a level 4 spell: Petrify
  4195 | D:3      | Learned a level 5 spell: Lee's Rapid Deconstruction
  4263 | D:4      | Reached skill level 1 in Conjurations
  4380 | D:4      | Noticed Eustachio
  4385 | D:4      | Killed Eustachio
  4606 | D:4      | Killed Grinder
  4606 | D:4      | Reached XP level 8. HP: 41/41 MP: 16/23
  5568 | D:5      | Entered Level 5 of the Dungeon
  5572 | D:5      | Noticed Ijyb
  5578 | D:5      | Killed Ijyb
  5755 | D:5      | Reached skill level 10 in Spellcasting
  6235 | D:5      | Found a staircase to the Ecumenical Temple.
  6252 | Temple   | Entered the Ecumenical Temple
  6824 | D:5      | Found a shadowy altar of Dithmenos.
  6912 | D:6      | Found a shattered altar of Ashenzari.
  6915 | D:6      | Found a white marble altar of Elyvilon.
  6918 | D:6      | Found a basalt altar of Yredelemnul.
  7046 | D:6      | Found a radiant altar of Vehumet.
  7055 | D:6      | Became a worshipper of Vehumet
  7158 | D:6      | Reached XP level 9. HP: 45/45 MP: 18/25
  7246 | D:6      | Noticed Maggie
  7422 | D:6      | Killed Maggie
  7422 | D:6      | Reached skill level 1 in Fighting
  7858 | D:6      | Reached * piety under Vehumet
  7858 | D:6      | Offered knowledge of Foxfire by Vehumet.
  8466 | D:6      | Reached ** piety under Vehumet
  8505 | D:6      | Offered knowledge of Shock by Vehumet.
  8963 | D:7      | Found a flagged portal.
  9072 | D:7      | Reached XP level 10. HP: 56/56 MP: 17/29
  9152 | Bailey   | Entered a bailey
  9174 | Bailey   | Offered knowledge of Ignite Poison by Vehumet.
 10034 | Bailey   | Reached *** piety under Vehumet
 10354 | Bailey   | Got a warped whip
 10506 | D:7      | Got a polished spear
 10508 | D:7      | Identified the +9 spear "Ylum" {elec, +Rage MR+} (You found
                  | it on level 7 of the Dungeon)
 10509 | D:7      | Identified the cursed +1 whip "Heunoum" {vorpal, Str+2}
                  | (You found it in a bailey)
 10655 | D:7      | Reached skill level 10 in Earth Magic
 10664 | D:7      | Offered knowledge of Olgreb's Toxic Radiance by Vehumet.
 10824 | D:7      | Found a shimmering blue altar of Sif Muna.
 10891 | D:7      | Reached skill level 5 in Conjurations
 10946 | D:7      | Found a runed translucent door.
 10947 | D:7      | Noticed Crazy Yiuf
 11490 | D:7      | Reached **** piety under Vehumet
 11793 | D:7      | Killed Crazy Yiuf
 12020 | D:8      | Offered knowledge of Bolt of Magma by Vehumet.
 12283 | D:8      | Reached XP level 11. HP: 56/62 MP: 7/31
 12510 | D:8      | HP: 3/62 [poisoned by a killer bee]
 12515 | D:8      | HP: 2/62 [poisoned by a killer bee]
 12520 | D:8      | HP: 2/62 [poisoned by a killer bee]
 12526 | D:8      | HP: 2/62 [poisoned by a killer bee]
 12527 | D:8      | Reached skill level 1 in Polearms
 12557 | D:9      | Reached ***** piety under Vehumet
 12559 | D:9      | Offered knowledge of Fireball by Vehumet.
 12735 | D:9      | Found a sparkling altar of Nemelex Xobeh.
 13010 | D:9      | Noticed Grum
 13020 | D:9      | Killed Grum
 13085 | D:9      | Reached skill level 5 in Fighting
 13085 | D:9      | Reached skill level 15 in Spellcasting
 13257 | D:9      | Learned a level 5 spell: Fireball
 13903 | D:9      | Reached skill level 1 in Fire Magic
 14809 | D:8      | Offered knowledge of Sticky Flame by Vehumet.
 15108 | D:8      | Reached skill level 1 in Shields
 15554 | D:10     | Entered Level 10 of the Dungeon
 15576 | D:10     | Found a burning altar of Makhleb.
 15580 | D:10     | Noticed a green death
 16034 | D:10     | Found a staircase to the Orcish Mines.
 16378 | D:10     | Found a staircase to the Lair.
 16763 | D:11     | Reached XP level 12. HP: 67/69 MP: 13/34
 16858 | D:11     | Found Ruowkin's Gadget Shoppe.
 17208 | D:11     | Found Tuowki's Jewellery Emporium.
 17246 | D:11     | Found Beocahes's Gadget Boutique.
 17588 | D:11     | Found Vokunah's General Store.
 17593 | D:11     | Bought a scroll of blinking for 90 gold pieces
 17613 | D:11     | Found a white marble altar of Elyvilon.
 17702 | D:11     | Found Agomuf's Jewellery Emporium.
 18021 | D:12     | Noticed a tengu warrior
 18024 | D:12     | Killed a tengu warrior
 18224 | D:12     | Offered knowledge of Lightning Bolt by Vehumet.
 18719 | D:12     | Got a slimy lapis lazuli ring
 18909 | D:12     | Identified a scroll of acquirement
 18912 | D:12     | Acquired the Grimoire of Dusty Hexes
 18921 | D:12     | Learned a level 6 spell: Iron Shot
 18928 | D:12     | Learned a level 6 spell: Statue Form
 18929 | D:12     | Identified the ring "Qimunk" {Wiz MR+ Int+4 Stlth+} (You
                  | found it on level 12 of the Dungeon)
 18930 | D:12     | Reached XP level 13. HP: 76/76 MP: 35/38
 20085 | D:13     | Reached XP level 14. HP: 82/82 MP: 19/39
 20378 | D:13     | Found a gate to the Vaults.
 21679 | D:14     | Got a fading ring mail
 21687 | D:14     | Reached skill level 5 in Transmutations
 21906 | D:14     | Identified the ring of the Scarab {rF+ MR+ Str+2 Dex+4
                  | SInv}
 22101 | D:14     | Identified the +1 ring mail "Quirch Qugo" {rC++ SInv} (You
                  | found it on level 14 of the Dungeon)
 22340 | D:15     | Entered Level 15 of the Dungeon
 22535 | D:15     | Found Pahihun's Gadget Shoppe.
 22758 | D:15     | Reached ****** piety under Vehumet
 22758 | D:15     | Offered knowledge of Starburst by Vehumet.
 23117 | D:15     | Found a staircase to the Depths.
 23354 | D:15     | Found a glowing silver altar of Zin.
 23420 | D:15     | Noticed a frost giant
 23427 | D:15     | Killed a frost giant
 23691 | D:15     | Got an ivory war axe
 23692 | D:15     | Identified the cursed +1 war axe of Ymiuzyd {elec, rPois
                  | rN+ MR+} (You found it on level 15 of the Dungeon)
 23818 | Lair:1   | Entered Level 1 of the Lair of Beasts
 25077 | Lair:2   | Reached XP level 15. HP: 76/88 MP: 25/42
 25171 | Lair:2   | Found a hole to the Spider Nest.
 25968 | Lair:2   | Acquired 7 rations
 26001 | Lair:3   | Offered knowledge of Ozocubu's Refrigeration by Vehumet.
 26077 | Lair:3   | Got a crude marble ring
 26126 | Lair:3   | Found a staircase to the Swamp.
 28907 | Lair:5   | Noticed Sonja
 28909 | Lair:5   | Killed Sonja
 29501 | Lair:5   | Got a pair of polished gloves
 29538 | Lair:5   | Offered knowledge of Iskenderun's Battlesphere by Vehumet.
 30055 | Lair:5   | Identified the Incunabulum of Protection and Bewitchment
 30688 | Lair:5   | Identified the ring of Merutz {*Tele rElec rN+ Str-3
                  | Stlth+} (You found it on level 3 of the Lair of Beasts)
 30702 | Lair:5   | Identified the +1 pair of gloves of Gosuejiz {rElec rC+
                  | rN+} (You found it on level 5 of the Lair of Beasts)
 30710 | Lair:5   | Learned a level 5 spell: Iskenderun's Battlesphere
 30712 | Lair:6   | Entered Level 6 of the Lair of Beasts
 31034 | Lair:6   | Noticed Urug
 31037 | Lair:6   | Killed Urug
 31176 | Lair:6   | Reached skill level 1 in Charms
 31645 | Lair:6   | Found a staircase to the Slime Pits.
 31683 | Lair:6   | Offered knowledge of Orb of Destruction by Vehumet.
 31692 | Lair:6   | Learned a level 7 spell: Orb of Destruction
 32637 | Lair:6   | Got a transparent battleaxe
 32644 | Lair:6   | Identified the +2 battleaxe "Puafoschi" {venom, *Slow +Rage
                  | rElec rC-} (You found it on level 6 of the Lair of Beasts)
 33082 | Lair:6   | Found a runed translucent door.
 33275 | Lair:6   | Reached XP level 16. HP: 96/96 MP: 23/45
 34064 | Orc:1    | Entered Level 1 of the Orcish Mines
 34234 | Orc:1    | Offered knowledge of Lehudib's Crystal Spear by Vehumet.
 34234 | Orc:1    | Offered knowledge of Chain Lightning by Vehumet.
 34234 | Orc:1    | Offered knowledge of Ignition by Vehumet.
 34245 | Orc:1    | Learned a level 8 spell: Lehudib's Crystal Spear
 34672 | Orc:2    | Entered Level 2 of the Orcish Mines
 35047 | Orc:2    | Found a staircase to the Elven Halls.
 35486 | Orc:2    | Found Hekibr Ifyu's Jewellery Emporium.
 35814 | Orc:2    | Found Odidel's Antique Armour Emporium.
 35815 | Orc:2    | Found Faqu Vul's Distillery.
 35815 | Orc:2    | Found Qitun's Antique Weapon Shop.
 35884 | Orc:2    | Bought a jewelled buckler for 247 gold pieces
 35894 | Orc:2    | Identified the +3 buckler of Temperance {Dex+5 SInv} (You
                  | bought it in a shop on level 2 of the Orcish Mines)
 35921 | Orc:2    | Bought a potion of cancellation for 136 gold pieces
 35921 | Orc:2    | Bought a potion of curing for 51 gold pieces
 35921 | Orc:2    | Bought a potion of heal wounds for 85 gold pieces
 35921 | Orc:2    | Bought a potion of heal wounds for 85 gold pieces
 35921 | Orc:2    | Bought a potion of magic for 136 gold pieces
 35921 | Orc:2    | Bought a potion of haste for 170 gold pieces
 35972 | Orc:1    | Found a roughly hewn altar of Beogh.
 36195 | Swamp:1  | Entered Level 1 of the Swamp
 36727 | Swamp:1  | Reached skill level 15 in Earth Magic
 36932 | Swamp:1  | Reached skill level 10 in Fighting
 38454 | Swamp:2  | Reached skill level 1 in Armour
 40672 | Swamp:3  | Reached XP level 17. HP: 85/102 MP: 17/48
 40869 | Swamp:4  | Entered Level 4 of the Swamp
 43871 | Swamp:4  | Got a decaying rune of Zot
 44043 | Spider:1 | Entered Level 1 of the Spider Nest
 44969 | Elf:1    | Entered Level 1 of the Elven Halls
 45077 | Elf:1    | Found Leupuph's Weapon Shoppe.
 45844 | Elf:1    | Reached skill level 10 in Conjurations
 45844 | Elf:1    | Reached XP level 18. HP: 110/110 MP: 40/50
 46350 | Elf:1    | Identified the +7 war axe of Vudgh {flame, +Blink rF- rC+++
                  | Int+2}
 46524 | Elf:1    | Identified the Volume of Supportive Confrontation
 46981 | Elf:2    | Found Ledghum's Assorted Antiques.
 47124 | Elf:2    | Reached skill level 27 in Spellcasting
 47157 | Elf:2    | Found a ruined gateway.
 47243 | Desolati | Entered the Desolation of Salt
 47649 | Desolati | Identified the cursed +1 robe of Irav {Slay+2}
 47921 | Desolati | Found the +2 robe of Vines {NoPotionHeal Regen+7}
 47929 | Desolati | Identified the Catalogue of Dislocated Enhancements
 47935 | Desolati | Got a bloodstained short sword
 47938 | Desolati | Identified the cursed +0 short sword of Kuoss {freeze,
                  | *Drain Str+5 Dex+3} (You found it in the Desolation of
                  | Salt)
 48911 | Desolati | Identified the +5 scale mail of Youthful Indiscretion
                  | {rF+++ Regen+ rCorr Stlth-}
 49107 | Desolati | Found the +2 ratskin cloak {+Rats rPois rN+ Str-1 Int-1
                  | Dex+1}
 49179 | Desolati | Found the +10 Black Knight's horse barding {ponderous,
                  | rPois rN+}
 49180 | Desolati | Got a shimmering chain mail
 49182 | Desolati | Got a heavily runed scale mail
 49183 | Desolati | Identified the cursed +1 chain mail "Derrah Xyaco" {rPois}
                  | (You found it in the Desolation of Salt)
 49184 | Desolati | Identified the cursed +0 scale mail "Hero's Friend" {-Cast
                  | rPois rC- Int+9} (You found it in the Desolation of Salt)
 49190 | Desolati | Got a pair of spiked boots
 49191 | Desolati | Identified the +1 pair of boots "Dihit" {+Blink rF++ Str-4
                  | Stlth+} (You found it in the Desolation of Salt)
 49542 | Desolati | Reached skill level 5 in Armour
 49887 | Desolati | Got an ebony rapier
 49907 | Desolati | Identified the cursed +1 rapier "Lywoushro" {freeze, rN+
                  | MR+} (You found it in the Desolation of Salt)
 50360 | Elf:2    | Found a runed translucent door.
 50381 | Elf:2    | Reached XP level 19. HP: 119/119 MP: 39/52
 50382 | Elf:2    | Found a runed translucent door.
 51204 | Elf:3    | Entered Level 3 of the Elven Halls
 51254 | Elf:3    | Found Cenwod's Book Shop.
 51257 | Elf:3    | Bought a book of Power for 945 gold pieces
 51266 | Elf:3    | Learned a level 7 spell: Spellforged Servitor
 51318 | Elf:3    | Reached skill level 1 in Summonings
 52015 | Elf:3    | Reached skill level 5 in Summonings
 52344 | Elf:2    | Learned a level 9 spell: Shatter
 52548 | Elf:3    | Identified the cursed +0 leather armour of Absence {Slay+2}
 53071 | Elf:3    | Identified the cursed +1 glaive "Deustrof" {distort, *Rage
                  | rC+ MR+ SInv}
 53315 | Elf:3    | Got a glimmering spear
 53458 | Elf:3    | Identified the +5 spear of Horirihu {flame, *Contam rC+ MR+
                  | Str+4} (You found it on level 3 of the Elven Halls)
 54076 | Spider:1 | Reached skill level 10 in Armour
 54954 | Spider:2 | Got an ichor-stained trident
 54955 | Spider:2 | Identified the cursed +2 trident of Laceration {holy, MR+
                  | Dex+4} (You found it on level 2 of the Spider Nest)
 55410 | Spider:3 | Got a smoking robe
 55411 | Spider:3 | Identified the +3 robe "Kuyxt" {+Fly rC- rN+} (You found it
                  | on level 3 of the Spider Nest)
 55710 | Spider:3 | Noticed Donald
 55717 | Spider:3 | Killed Donald
 55717 | Spider:3 | Noticed Arachne
 55733 | Spider:3 | Killed Arachne
 55733 | Spider:3 | Reached XP level 20. HP: 124/124 MP: 7/53
 56121 | Spider:3 | Noticed Azrael
 56132 | Spider:3 | Killed Azrael
 56918 | Spider:4 | Entered Level 4 of the Spider Nest
 57466 | Spider:4 | Noticed Nikola
 57476 | Spider:4 | Killed Nikola
 58740 | Spider:4 | Got a gossamer rune of Zot
 58981 | Vaults:1 | Entered Level 1 of the Vaults
 60325 | Vaults:1 | Found Ycluqur's Food Boutique.
 61079 | Vaults:2 | Noticed Jory
 61083 | Vaults:2 | Killed Jory
 61964 | Vaults:2 | Reached XP level 21. HP: 127/132 MP: 38/54
 62857 | Vaults:2 | Found a staircase to the Crypt.
 63833 | Vaults:3 | Found a flickering gateway to a bazaar.
 63842 | Bazaar   | Entered a bazaar
 63845 | Bazaar   | Found Payhuole's Magic Scroll Shop.
 63853 | Bazaar   | Found Posifuroczo's Gadget Boutique.
 63856 | Bazaar   | Found Anumet's Armour Emporium.
 63864 | Bazaar   | Found Xif Ego's General Store.
 63885 | Bazaar   | Bought a potion of haste for 190 gold pieces
 63905 | Bazaar   | Bought a scroll of magic mapping for 31 gold pieces
 63905 | Bazaar   | Bought a scroll of teleportation for 27 gold pieces
 63905 | Bazaar   | Bought a scroll of amnesia for 31 gold pieces
 63905 | Bazaar   | Bought a scroll of amnesia for 31 gold pieces
 65492 | Vaults:3 | Identified the +6 flail of Vengeance {freeze, rElec rPois
                  | MR+} (You found it on level 3 of the Vaults)
 66098 | Vaults:4 | Identified the +2 scale mail of Insatiable Hunger {rF+}
                  | (You found it on level 4 of the Vaults)
 66186 | Vaults:4 | Found a runed translucent gate.
 66186 | Vaults:4 | Found a runed translucent gate.
 66186 | Vaults:4 | Found a runed translucent gate.
 66188 | Vaults:4 | Noticed agentgt's ghost (veteran KoAK)
 66617 | Vaults:4 | Reached XP level 22. HP: 118/137 MP: 27/55
 67224 | Vaults:5 | Entered Level 5 of the Vaults
 68882 | Vaults:5 | Noticed an ancient lich
 68904 | Vaults:5 | Killed an ancient lich
 70720 | Vaults:5 | Reached skill level 15 in Fighting
 70730 | Vaults:5 | Reached XP level 23. HP: 57/144 MP: 29/56
 71040 | Vaults:5 | Identified the +8 flail of the Big Bang {vorpal, Dex+3}
                  | (You found it on level 5 of the Vaults)
 71206 | Vaults:5 | Got a silver rune of Zot
 71552 | Vaults:5 | Identified the ring "Luopuas" {Int+6 Stlth+}
 72429 | Vaults:5 | Identified the Reference Book on the Supportive Blaze
 72591 | Vaults:4 | Killed agentgt's ghost
 72601 | Vaults:4 | Got a glimmering hat
 72602 | Vaults:4 | Identified the +0 hat "Keomigh" {rElec MR+ Str-3 Slay+3}
                  | (You found it on level 4 of the Vaults)
 73012 | Depths:1 | Entered Level 1 of the Depths
 73012 | Depths:1 | Found a gateway to Hell.
 73066 | Depths:1 | Found Muurim's Jewellery Emporium.
 73066 | Depths:1 | Found Jelif's Book Shoppe.
 73073 | Depths:1 | Found Tebbybla's Antique Armour Emporium.
 73075 | Depths:1 | Found Eklau's Book Shoppe.
 73088 | Depths:1 | Bought a manual of Fighting for 1876 gold pieces
 73088 | Depths:1 | Bought a book of Annihilations for 1876 gold pieces
 73380 | Depths:1 | Found Cuymmot's Antique Weapon Shop.
 73779 | Depths:1 | Found a one-way gate to the infinite horrors of the Abyss.
 75394 | Depths:2 | Got a bloodstained buckler
 75395 | Depths:2 | Identified the +3 buckler of the Pure Teeth {rPois rN+++
                  | Regen+ Str-3} (You found it on level 2 of the Depths)
 75461 | Depths:2 | Found a gateway to a ziggurat.
 75516 | Depths:2 | Got a vibrating iron ring
 75517 | Depths:2 | Identified the ring "Isimuss" {rC+ Int-4 Dex+5 Slay+6} (You
                  | found it on level 2 of the Depths)
 76185 | Depths:2 | Reached XP level 24. HP: 154/154 MP: 37/56
 76278 | Depths:2 | Identified the +0 cloak of the Wheelwright {Int+4} (You
                  | found it on level 2 of the Depths)
 77100 | Depths:3 | Found Qupniaxi's Antique Weapon Shop.
 77379 | Depths:3 | Noticed a juggernaut
 77401 | Depths:3 | Killed a juggernaut
 77587 | Depths:3 | Identified the ring "Yshas" {*Slow +Fly Str+3 Int+6 Stlth+}
 77610 | Depths:3 | Got a faintly humming cloak
 77612 | Depths:3 | Identified the +1 cloak of Negligence {MR+} (You found it
                  | on level 3 of the Depths)
 77738 | Depths:3 | Noticed a juggernaut
 77743 | Depths:3 | Killed a juggernaut
 77943 | Depths:3 | You fall into a shaft and drop 2 floors!
 77943 | Depths:5 | Entered Level 5 of the Depths
 77945 | Depths:5 | Noticed Xtahua
 77947 | Depths:5 | Noticed Saint Roka
 78239 | Depths:3 | Found a one-way gate leading to the halls of Pandemonium.
 78462 | Depths:3 | Identified Ovohorun's Disquisition on Conjuration
 79145 | Depths:4 | Reached skill level 27 in Earth Magic
 80917 | Depths:4 | Identified the +7 short sword "Suuplistu" {vorpal, rElec
                  | rPois MP+9 Str-3} (You found it on level 4 of the Depths)
 81124 | Depths:5 | Killed Saint Roka
 81129 | Depths:5 | Killed Xtahua
 81593 | Depths:5 | Found a gate to the Realm of Zot.
 82033 | Depths:5 | Noticed Frederick
 82035 | Depths:5 | Reached XP level 25. HP: 166/166 MP: 42/56
 82848 | Hell     | Entered the Vestibule of Hell
 82848 | Hell     | Noticed Geryon
 82982 | Hell     | Killed Geryon
 83268 | Hell     | Found a gateway to the ashen valley of Gehenna.
 83344 | Hell     | Found a gateway to the decaying netherworld of Tartarus.
 83669 | Hell     | Found a gateway to the freezing wastes of Cocytus.
 83797 | Hell     | Found a gateway to the Iron City of Dis.
 83886 | Geh:1    | Entered Level 1 of Gehenna
 84148 | Geh:1    | Found a huge runed gate.
 84149 | Geh:1    | Found a huge runed gate.
 84156 | Geh:1    | Found a huge runed gate.
 84156 | Geh:1    | Found a huge runed gate.
 84157 | Geh:1    | Found a huge runed gate.
 84157 | Geh:1    | Found a huge runed gate.
 84157 | Geh:1    | Found a huge runed gate.
 84160 | Geh:1    | Found a huge runed gate.
 84160 | Geh:1    | Found a huge runed gate.
 84163 | Geh:1    | Found a huge runed gate.
 84163 | Geh:1    | Found a huge runed gate.
 84163 | Geh:1    | Found a huge runed gate.
 84164 | Geh:1    | Found a huge runed gate.
 84164 | Geh:1    | Found a huge runed gate.
 84206 | Geh:1    | Found a huge runed gate.
 84207 | Geh:1    | Found a huge runed gate.
 87495 | Geh:1    | Noticed an ancient lich
 88411 | Geh:1    | Reached XP level 26. HP: 133/179 MP: 35/56
 88746 | Geh:1    | Killed an ancient lich
 93050 | Geh:3    | Reached skill level 10 in Summonings
 93697 | Geh:3    | Reached skill level 15 in Conjurations
 93697 | Geh:3    | Reached XP level 27. HP: 188/188 MP: 51/56
 98131 | Geh:5    | You fall into a shaft and drop 1 floor!
 99817 | Geh:7    | Entered Level 7 of Gehenna
100034 | Geh:7    | Noticed the Serpent of Hell
100045 | Geh:7    | Killed the Serpent of Hell
101537 | Geh:7    | Identified the +7 sceptre of Asmodeus
101537 | Geh:7    | Noticed Asmodeus
103680 | Geh:7    | Killed Asmodeus
103704 | Geh:7    | Found the +8 orange crystal plate armour {Archmagi, Int+3
                  | Clar}
103759 | Geh:7    | Got an obsidian rune of Zot
103966 | Depths:5 | Killed Frederick
104302 | Slime:1  | Entered Level 1 of the Pits of Slime
104424 | Slime:1  | Gained mutation: Scrolls take you a little longer to read.
                  | [a shining eye]
104572 | Slime:2  | Gained mutation: Armour fits poorly on your strangely
                  | shaped body. [a shining eye]
104731 | Slime:3  | Reached skill level 27 in Fighting
104767 | Slime:3  | Gained mutation: Your body sometimes deteriorates upon
                  | taking damage. [a shining eye]
104946 | Slime:5  | Entered Level 5 of the Pits of Slime
104966 | Slime:5  | Reached skill level 5 in Fire Magic
105602 | Slime:5  | Gained mutation: You are frail. (-10% HP) [a shining eye]
105666 | Slime:5  | Found a viscous altar of Jiyva.
105667 | Slime:5  | Noticed the Royal Jelly
105690 | Slime:5  | Killed the Royal Jelly
105761 | Slime:5  | Got a warped chain mail
105772 | Slime:5  | Got a smoking copper ring
105824 | Slime:5  | Got a slimy rune of Zot
105831 | Slime:5  | Lost mutation: You are frail. (-10% HP) [potion of
                  | mutation]
105831 | Slime:5  | Lost mutation: Your body sometimes deteriorates upon taking
                  | damage. [potion of mutation]
105831 | Slime:5  | Lost mutation: Scrolls take you a little longer to read.
                  | [potion of mutation]
105831 | Slime:5  | Gained mutation: Your mind is acute. (Int +2) [potion of
                  | mutation]
105831 | Slime:5  | Gained mutation: Potions are less effective at restoring
                  | your health. [potion of mutation]
105831 | Slime:5  | Gained mutation: You have a pair of small horns on your
                  | head. [potion of mutation]
105832 | Slime:5  | Lost mutation: Potions are less effective at restoring your
                  | health. [potion of mutation]
105832 | Slime:5  | Lost mutation: Your mind is acute. (Int +2) [potion of
                  | mutation]
105832 | Slime:5  | Lost mutation: Armour fits poorly on your strangely shaped
                  | body. [potion of mutation]
105832 | Slime:5  | Lost mutation: You have a pair of small horns on your head.
                  | [potion of mutation]
105832 | Slime:5  | Gained mutation: You have a pair of small horns on your
                  | head. [potion of mutation]
105832 | Slime:5  | Gained mutation: Your body sometimes deteriorates upon
                  | taking damage. [potion of mutation]
105832 | Slime:5  | Gained mutation: You have an increased reservoir of magic.
                  | (+10% MP) [potion of mutation]
105833 | Slime:5  | Identified the ring of Liberty {rElec MP+9 Stlth-} (You
                  | found it on level 5 of the Pits of Slime)
105834 | Slime:5  | Identified the cursed +0 chain mail of Midwinter {*Corrode
                  | rN+ Int-3 Dex+6} (You found it on level 5 of the Pits of
                  | Slime)
105846 | Slime:5  | Learned a level 9 spell: Fire Storm
106198 | Depths:1 | Voluntarily entered the Abyss.
106345 | Abyss:2  | Reached skill level 10 in Fire Magic
106887 | Abyss:2  | Found a burning altar of Makhleb.
106996 | Abyss:2  | Paralysed by accursed screaming for 1 turns
107514 | Abyss:3  | Paralysed by accursed screaming for 1 turns
107721 | Abyss:3  | Found a corrupted altar of Lugonu.
107779 | Abyss:3  | Got an abyssal rune of Zot
107854 | Depths:1 | Escaped the Abyss
107855 | Depths:1 | Lost mutation: You have a pair of small horns on your head.
                  | [potion of mutation]
107855 | Depths:1 | Lost mutation: Your body sometimes deteriorates upon taking
                  | damage. [potion of mutation]
107855 | Depths:1 | Gained mutation: Scrolls take you a little longer to read.
                  | [potion of mutation]
107855 | Depths:1 | Gained mutation: Armour fits poorly on your strangely
                  | shaped body. [potion of mutation]
107855 | Depths:1 | Gained mutation: You have large cloven feet. [potion of
                  | mutation]
107856 | Depths:1 | Lost mutation: You have large cloven feet. [potion of
                  | mutation]
107856 | Depths:1 | Lost mutation: Scrolls take you a little longer to read.
                  | [potion of mutation]
107856 | Depths:1 | Lost mutation: Armour fits poorly on your strangely shaped
                  | body. [potion of mutation]
107856 | Depths:1 | Gained mutation: You are agile. (Dex +2) [potion of
                  | mutation]
107856 | Depths:1 | Gained mutation: You have a pair of small horns on your
                  | head. [potion of mutation]
107856 | Depths:1 | Gained mutation: Your flesh is cold resistant. (rC+)
                  | [potion of mutation]
108061 | Hell     | Learned a level 8 spell: Necromutation
108089 | Coc:1    | Entered Level 1 of Cocytus
108109 | Coc:1    | Reached skill level 1 in Necromancy
109115 | Coc:1    | Reached skill level 15 in Fire Magic
112449 | Coc:2    | Slain by a shard shrike

Illustrated notes

Levels and vault maps discovered:
D:1:      dpeg_arrival_rooms_a, layout_basic, chequers_serial_rivers_micro_e
D:2:      layout_basic, first_ration, cheibriados_altar_1
D:3:      layout_loops_ring, nrook_campfire, uniq_jessica, uniq_sigmund
D:4:      layout_cave_pods, chequers_arboretum, uniq_eustachio, uniq_grinder
D:5:      layout_basic, grunt_dithmenos_shadows,
          minmay_temple_entry_gardened_gates, minmay_misc_feat_encased,
          minmay_diced_spiral, uniq_ijyb
D:6:      lemuel_castle_with_subvaults [lemuel_castle_interior_original],
          layout_gridville, grunt_temple_overflow_open, vehumet_statue,
          hangedman_abyss_or_decor_stabs, uniq_maggie
D:7:      minmay_skewed_foursquare, layout_gridville, kennysheep_little_box,
          enter_bailey_2, uniq_crazy_yiuf_cottage
D:8:      wad_woods_minihive, layout_basic
D:9:      layout_loops_corners, grunt_ogre_cave, nemelex_diamond_rough_becter,
          uniq_grum
D:10:     wander_river, layout_long_grid, lair_entry_dummy, david_orc_2,
          makhleb_altar_promises_db
D:11:     due_megacathedral, layout_rooms, serial_shops, shop, shop, shop,
          nicolae_shop_competitors_out_of_business,
          nicolae_shop_window_shopping, elyvilon_altar_1
D:12:     kennysheep_blocky_room, layout_cave_pools
D:13:     minmay_triangles_in_corner, layout_loops_ring,
          ximxim_vaults_locker_room
D:14:     layout_basic, serial_aquarium, aquarium_bridge_square
          [aquarium_subvault_window, aquarium_subvault_wall,
          aquarium_subvault_window, aquarium_subvault_bridge],
          aquarium_window_fake, aquarium_window_1, aquarium_window_corridor_3,
          aquarium_view_2b, aquarium_balcony_3b, aquarium_pool_side
D:15:     gammafunk_enter_depths_forms, layout_basic, serial_shops, shop_coins,
          lemuel_tele_altar, minmay_diamond_spiral
Temple:   minmay_temple_bridge_d
Lair:1:   layout_misc_corridors, chequers_serial_rivers_marsh,
          lemuel_fruit_tree, infiniplex_staircase_pool
Lair:2:   layout_gridlike, spider_nest_entry_funnel_web
Lair:3:   layout_cave_pods, swamp_mist_pool, beast_lair_carwin_11
Lair:4:   minmay_lair_oklob_tunnel, layout_small_grid, grunt_megastairs_2
Lair:5:   dpeg_oklob_gauntlet, layout_misc_corridors, uniq_sonja
Lair:6:   hangedman_lair_caniforms_friends, layout_gridlike, wormcave,
          minmay_slime_entry_jelly_boxes, lemuel_fruit_fields, uniq_urug
Swamp:1:  layout_basic_swamp, hangedman_swamp_ruin_wall
Swamp:2:  layout_falls_marsh, nicolae_swamp_dense_foliage
Swamp:3:  layout_basic_swamp, hangedman_swamp_pad
Swamp:4:  swamp_basic_johnstein, layout_basic_swamp, infiniplex_staircase_pool_2
Spider:1: layout_spider_delve
Spider:2: layout_spider_delve
Spider:3: layout_spider_delve, uniq_arachne, uniq_azrael, uniq_donald
Spider:4: spider_rune_water, nicolae_spider_cling_ruins, uniq_nikola
Slime:1:  layout_caves
Slime:2:  layout_caves
Slime:3:  layout_caves
Slime:4:  layout_caves
Slime:5
Orc:1:    layout_caves, basic_altar
Orc:2:    st_orc_elflike, layout_diamond_mine
Elf:1:    minmay_the_grid_3x2 [minmay_the_grid_tree, minmay_the_grid_empty,
          minmay_the_grid_small_cups, minmay_the_grid_medium_cups,
          minmay_the_grid_spikes, minmay_the_grid_prize_four_corners_diamond_a],
          layout_geoelf_octagon, serial_shops, nicolae_shop_behind_doors,
          minmay_elf_sorcery
Elf:2:    layout_geoelf_octagon, serial_shops, shop,
          portal_desolation_entry_nicolae_nacl
Elf:3:    minmay_elf_hall_quartered_circle, layout_gridlike, serial_shops,
          nicolae_shop_trees, minivault_5, library_closet
Vaults:1: hangedman_vaults_nails, hangedman_vaults_variations,
          ontoclasm_vaults_loading_screen, ontoclasm_vaults_ring_square,
          grunt_vaults_hallway_short, v_pattern_5, vaults_room_pools,
          vaults_dpeg_hooks, nicolae_vaults_little_squares_3,
          hangedman_vaults_stream, nicolae_vaults_circle_grid_a, v_misc_5,
          dpeg_vaults_monster_box, v_misc_23, layout_vaults_maze_bifur,
          serial_shops, nicolae_shop_stone
Vaults:2: v_alt_pattern_4, v_rooms_2, nicolae_vaults_triangles,
          nicolae_vaults_an_arrangement, hangedman_vaults_maws,
          nicolae_vaults_network_periphery, minmay_crypt_entry_simple_round,
          nicolae_vaults_little_squares_5, vaults_mumra_hex,
          layout_vaults_omnigrid, uniq_jory, uniq_margery
Vaults:3: ontoclasm_vaults_chip, vaults_room_ringed_pool, grunt_vaults_twisty,
          vaults_room_corners, ontoclasm_vaults_eye, vaults_room_hallway,
          vaults_room_guarded_vault, v_misc_2, ontoclasm_vaults_gateway,
          v_misc_11, layout_vaults_big_room, serial_shops, bzr_entry_customers
Vaults:4: gammafunk_vaults_ghost_tricky_traps, st_lattice,
          vaults_mumra_minichess, ontoclasm_vaults_ring_small,
          grunt_vaults_hallway_long, hangedman_vaults_stitches, v_rooms_4,
          vaults_standard_mumra_x, hangedman_vaults_capsules, v_misc_3,
          vaults_dpeg_encased_lava, nicolae_vaults_big_angled_halls, v_misc_13,
          nicolae_vaults_little_squares_6, hangedman_vaults_stretched_pinwheel,
          vaults_room_stairs_pillars, vaults_room_hallway, layout_vaults_omnibox
Vaults:5
Depths:1: layout_forbidden_donut, nrook_uturn, serial_shops, shop,
          minmay_room_of_horrors, hell_entry, kennysheep_four_rooms,
          minmay_shoptagon, grunt_megastairs_5
Depths:2: hangedman_crystal_crosses_colossus [crystal_crosses_arms_four,
          crystal_crosses_arms_four, crystal_crosses_arms_two,
          crystal_crosses_arms_one], serial_shops, hell_entry
Depths:3: kennysheep_oblong_rooms, layout_cave_shapes,
          abyss_entry_small_statue_room, rand_demon_pan_entry_9, serial_shops,
          nicolae_shop_crystal, grunt_hell_entry_dis_old
Depths:4: minmay_mutant_horseshoe, layout_gridlike, hangedman_tar_grid_catacomb,
          abyss_entry, minmay_serpent_palace, minmay_staircase_bubble
Depths:5: grunt_zot_entry_gee_three, layout_basic, glass_columns_a, hell_entry,
          minmay_misc_feat_ornament, uniq_xtahua, uniq_saint_roka,
          uniq_frederick
Hell
Geh:1:    layout_gehenna_pools_triple, door_vault
Geh:2:    layout_gehenna_pools_triple
Geh:3:    layout_gehenna_lava_caves
Geh:4:    layout_gehenna_lava_caves
Geh:5:    layout_gehenna_pools_box, lemuel_flamethrower_3, grunt_megastairs_4
Geh:6:    layout_gehenna_pools_triple
Geh:7:    geh_hangedman
Coc:1:    layout_ice_bergs
Coc:2:    grunt_deathspiral_small, layout_cocytus_water_paths

Skill      XL: |  1  2  3  4  5  6  7  8  9 10 11 12 13 14 15 16 17 18 19 20 21 22 23 24 25 26 27 |
---------------+----------------------------------------------------------------------------------+-----
Stealth        | 3 |  3.0
Dodging        | 3 |  3.0
Spellcasting   | 4 5 6 7 9 10 13 14 16 19 21 23 25 26 27 | 27.0
Earth Magic    | 4 5 6 7 8 9 10 11 12 14 15 16 19 22 24 25 27 | 27.0
Conjurations   | 2 3 4 5 6 8 10 12 15 19 | 19.7
Fighting       | 3 4 5 6 7 8 9 10 11 13 14 15 16 19 21 23 27 | 27.0
Transmutations | 2 3 5 |  5.0
Polearms       | 1 |  1.7
Fire Magic     | 2 16 | 16.8
Shields        | 1 3 4 |  4.0
Charms         | 1 2 |  2.0
Armour         | 2 4 6 10 | 10.0
Summonings     | 8 10 12 | 12.0
Necromancy     | 1 |  1.4
Axes           | |  0.2
Maces & Flails | |  0.2

Action                   |  1- 3 |  4- 6 |  7- 9 | 10-12 | 13-15 | 16-18 | 19-21 | 22-24 | 25-27 || total
-------------------------+-------+-------+-------+-------+-------+-------+-------+-------+-------++-------
Melee: Dagger            |    15 |    14 |       |       |       |       |       |       |       ||    29
       Unarmed           |     2 |       |       |       |       |       |       |       |       ||     2
       Whip              |    63 |       |       |    15 |       |       |       |       |       ||    78
       Club              |       |    23 |       |       |       |       |       |       |       ||    23
       Staff             |       |       |     6 |       |       |       |    37 |    26 |    89 ||   158
       Spear             |       |       |       |    29 |     1 |       |       |       |       ||    30
       War axe           |       |       |       |       |     3 |    34 |     1 |       |       ||    38
       Headbutt          |       |       |       |       |       |       |       |       |     4 ||     4
 Cast: Sandblast         |    23 |    38 |    84 |    72 |    78 |   100 |    49 |    14 |    98 ||   556
       Stone Arrow       |     1 |     1 |   149 |   256 |   153 |    62 |    19 |     9 |    62 ||   712
       Lee's Rapid Decon |       |       |     8 |   126 |   232 |   169 |   206 |   112 |   313 ||  1166
       Petrify           |       |       |     1 |    20 |    11 |    12 |    15 |     6 |     9 ||    74
       Iron Shot         |       |       |       |       |   174 |   272 |   336 |   392 |   824 ||  1998
       Statue Form       |       |       |       |       |     9 |    13 |    10 |     9 |    13 ||    54
       Fireball          |       |       |       |       |     8 |    69 |       |     6 |       ||    83
       Passwall          |       |       |       |       |     1 |     1 |       |       |     1 ||     3
       Iskenderun's Batt |       |       |       |       |    10 |     4 |       |       |       ||    14
       Orb of Destructio |       |       |       |       |     1 |   114 |    10 |    12 |    30 ||   167
       Lehudib's Crystal |       |       |       |       |       |    58 |    33 |    68 |   179 ||   338
       Spellforged Servi |       |       |       |       |       |       |    42 |    80 |   265 ||   387
       Shatter           |       |       |       |       |       |       |     1 |     2 |    43 ||    46
 Abil: Stop Flying       |       |       |       |     3 |       |       |       |       |       ||     3
       Evoke Flight      |       |       |       |     3 |       |       |       |       |       ||     3
       End Transformatio |       |       |       |       |     9 |    12 |    10 |     7 |    12 ||    50
       Evoke Blink       |       |       |       |       |       |     1 |     1 |       |       ||     2
Evoke: Staff of Wucad Mu |       |       |       |       |       |       |     3 |       |       ||     3
       Wand              |       |       |       |       |       |       |    14 |       |       ||    14
  Use: Potion            |       |       |     3 |     5 |       |     5 |       |     7 |    28 ||    48
       Scroll            |       |       |     6 |    21 |    13 |    22 |    16 |    18 |    17 ||   113
 Stab: Sleeping          |     6 |     1 |       |     2 |       |       |       |       |       ||     9
       Distracted        |       |       |       |       |       |       |     1 |     1 |     4 ||     6
       Petrified         |       |       |       |       |       |       |     3 |       |       ||     3
  Eat: Chunk             |     2 |     6 |    18 |    33 |    41 |    38 |    38 |    47 |    23 ||   246
       Ration            |       |       |       |       |     1 |     5 |     3 |       |    20 ||    29
Armor: Robe              |    35 |    19 |     8 |    56 |     8 |       |       |       |       ||   126
       Skin              |       |       |       |       |    32 |    51 |    56 |   136 |    49 ||   324
       Steam dragon scal |       |       |       |       |    27 |    75 |       |       |       ||   102
       Leather armour    |       |       |       |       |       |       |    57 |       |       ||    57
       Acid dragon scale |       |       |       |       |       |       |    46 |    58 |   508 ||   612
Dodge: Dodged            |    92 |    38 |    35 |   122 |    88 |   210 |   153 |   142 |   383 ||  1263
Block: Buckler           |       |       |       |     4 |    33 |   199 |   263 |   228 |   781 ||  1508
       Reflection        |       |       |       |       |       |    10 |    45 |    36 |    11 ||   102
